 Dungeon Crawl Stone Soup version 0.31-a0-997-g9a2f3ffc92 (webtiles) character file.

Game seed: 3567501991091250304

12375 Dirtsage the Cleaver (level 11, -9/127 HPs)
             Began as a Demonspawn Berserker on Nov 7, 2023.
             Was a High Priest of Trog.
             Killed from afar by a lindwurm (14 damage)
             ... with a blast of flame
             ... on level 1 of the Lair of Beasts.
             The game lasted 00:22:31 (11113 turns).

Dirtsage the Cleaver (Demonspawn Berserker)        Turns: 11113, Time: 00:22:31

Health: -9/127     AC: 19    Str: 22    XL:     11   Next: 61%
Magic:  11/11      EV: 16    Int:  9    God:    Trog [*****.]
Gold:   491        SH:  9    Dex: 12    Spells: 10/10 levels left

rFire   . . .        J - +2 broad axe (flame)
rCold   . . .        S - +0 kite shield
rNeg    . . .        j - +2 scale mail {rPois}
rPois   +            Q - +2 hat
rElec   .            H - scarf {+Inv}
rCorr   +            P - +0 pair of gloves
SInv    .            M - +1 pair of boots
Will    .....        h - amulet of regeneration Stlth
                     I - +4 ring of protection
HPRegen 1.21/turn    C - ring of resist corrosion
MPRegen 0.12/turn

%: no passive effects
@: mighty, agile, berserking (expiring), studying Axes, very quick
A: horns 2, demonic guardian 2, powered by pain 1
a: Renounce Religion, Evoke Invisibility, Berserk, Trog's Hand, Brothers in Arms


You were on level 1 of the Lair of Beasts.
You worshipped Trog.
Trog was extremely pleased with you.
You visited 3 branches of the dungeon, and saw 13 of its levels.
You also visited: Sewer and Ossuary.

You collected 491 gold pieces.

Inventory:

Hand Weapons
 a - a +0 hand axe
 J - a +2 broad axe of flaming (weapon)
 R - a +5 antimagic battleaxe
Missiles
 N - a curare-tipped dart
Armour
 b - a +0 pair of boots
 j - a +2 scale mail of poison resistance (worn)
 H - a scarf of invisibility (worn)
 M - a +1 pair of boots (worn)
 O - a +3 chain mail
 P - a +0 pair of gloves (worn)
 Q - a +2 hat (worn)
 S - a +0 kite shield (worn)
Jewellery
 h - an amulet of regeneration (around neck)
 l - an amulet of reflection
 C - a ring of resist corrosion (right hand)
 I - a +4 ring of protection (left hand)
Wands
 y - a wand of flame (35)
 z - a wand of iceblast (12)
 D - a wand of paralysis (12)
 K - a wand of mindburst (9)
Scrolls
 c - 5 scrolls of immolation
 g - a scroll of fear
 i - 2 scrolls of identify
 n - a scroll of poison
 s - a scroll of revelation
 t - 10 scrolls of teleportation
 v - a scroll of fog
 A - 2 scrolls of noise {unknown}
 B - 2 scrolls of blinking
 E - a scroll of enchant weapon {unknown}
 F - a scroll of brand weapon {unknown}
 G - 2 scrolls of enchant armour {unknown}
Potions
 d - 4 potions of might
 e - 3 potions of brilliance
 f - 4 potions of cancellation
 k - 4 potions of enlightenment
 m - 2 potions of mutation {unknown}
 o - 3 potions of resistance {unknown}
 p - 2 potions of haste {unknown}
 q - 5 potions of curing
 r - a potion of attraction {unknown}
 u - 3 potions of berserk rage {unknown}
 w - 2 potions of lignification {unknown}
 x - a potion of invisibility {unknown}
 L - 2 potions of heal wounds {unknown}


   Skills:
 + Level 7.7 Fighting
 + Level 13.1 Axes
 + Level 6.6 Armour
 + Level 6.5 Dodging
 + Level 6.1 Shields
 + Level 3.6 Evocations


You had 10 spell levels left.
You didn't know any spells.
Your spell library contained the following spells:

 Spells                   Type           Power      Damage    Failure   Level
 Kiss of Death            Conj/Necr      0%         2d5       90%         1
 Magic Dart               Conj           0%         1d3       90%         1
 Necrotise                Necr           0%         1d4       90%         1
 Call Imp                 Summ           0%         N/A       97%         2
 Confusing Touch          Hex            0%         N/A       99%         3
 Mephitic Cloud           Conj/Pois/Air  0%         N/A       99%         3
 Vampiric Draining        Necr           0%         2d6       99%         3
 Animate Armour           Summ/Erth      0%         N/A       100%        4
 Dispel Undead            Necr           0%         3d6       100%        4
 Summon Lightning Spire   Summ/Air       0%         N/A       100%        4
 Agony                    Necr           0%         N/A       100%        5
 Lee's Rapid Deconstruct  Erth           0%         3d4*      100%        5


Dungeon Overview and Level Annotations

Branches:
Dungeon (11/15)            Temple (1/1) D:7            Lair (1/5) D:10
    Orc (0/2) D:9           Sewer (visited)         Ossuary (visited)

Altars:
Ashenzari
Cheibriados
Dithmenos
Fedhas
Gozag
Hepliaklqana
Kikubaaqudgha
Makhleb
Nemelex Xobeh
Okawaru
Qazlal
Ru
Sif Muna
Trog
Uskayaw
Vehumet
Wu Jian
Xom
Yredelemnul

Annotations:
Temple 2 transporters


Innate Abilities, Weirdness & Mutations

You have a pair of horns on your head.
A demonic guardian rushes to your aid.
You sometimes gain a little power by taking damage.


Message History

You slash the lindwurm! You burn the lindwurm.
The lindwurm is lightly wounded.
The lindwurm bites you! You block the lindwurm's attack.
The lindwurm closely misses you.
You take 7 damage, and have 53/126 hp.
You slice the lindwurm!! You burn the lindwurm! You headbutt the lindwurm.
You kill the lindwurm!
Trog accepts your kill.
You hit the lindwurm but do no damage. The lindwurm breathes flames at you.
The blast of flame hits you!!
* * * LOW HITPOINT WARNING * * *
You take 24 damage, and have 29/127 hp.
You barely miss the lindwurm. You slash the lindwurm! You burn the lindwurm.
The lindwurm breathes flames at you. The blast of flame misses you.
You slash the lindwurm! You burn the lindwurm.
The lindwurm is moderately wounded.
You hit the lindwurm. You burn the lindwurm. The lindwurm barely misses you.
The lindwurm closely misses you. The lindwurm claws you.
* * * LOW HITPOINT WARNING * * *
You take 4 damage, and have 26/127 hp.
You hit the lindwurm. You burn the lindwurm.
The lindwurm is moderately wounded.
You hit the lindwurm. You burn the lindwurm.
The lindwurm bites you but does no damage.
The lindwurm misses you. You block the lindwurm's attack.
The lindwurm breathes flames at you. The blast of flame hits you!!
* * * LOW HITPOINT WARNING * * *
A demonic guardian appears!
You focus on the pain.
You feel agile all of a sudden.
You take 22 damage, and have 4/127 hp.
You closely miss the lindwurm.
The lindwurm is moderately wounded.
You slash the lindwurm! You burn the lindwurm.
You block the lindwurm's attack. x2
The lindwurm claws you but does no damage.
The lindwurm breathes flames at you. The blast of flame hits you!
You die...

≈§§ ## #. #..≈###
#.##..#
≈..≈#≈≈####.......
.................
§§...........>..#
#.#≈.#.......#
#.###.##........#
#.....k@........##
#.....k##.#P+##..
#.....3#.......#..
.#.....P.......#.#
#.........)...#.#
#......#.......#.#
##.#...#.........#
......#.###+##..#
..............#


You could see 2 lindwurms and a friendly sun demon (summoned).

Vanquished Creatures
  Erica (D:10)
  2 two-headed ogres (D:9)
  A lindwurm (Lair:1)
  Joseph (D:10)
  A black mamba (Lair:1)
  A cane toad (Lair:1)
  A rime drake (Lair:1)
  A kobold demonologist (D:10)
  2 trolls (D:10)
  A hornet (D:9)
  3 blink frogs (Lair:1)
  A slime creature (D:10)
  Sigmund (D:2)
  6 yaks
  3 vampire mosquitoes
  2 steam dragons (D:8)
  An acid dragon (D:10)
  4 water moccasins
  7 orc warriors
  2 ice beasts
  2 black bears
  An ogre (D:5)
  3 centaurs
  4 kobold brigands
  4 bullfrogs
  10 scorpions
  2 gnoll sergeants
  10 killer bees
  2 howler monkeys
  2 centaur zombies (Ossuary)
  A gnoll bouda (D:10)
  9 orc priests
  3 hounds
  7 jellies
  Terence (D:2)
  3 human zombies (Ossuary)
  2 sleepcaps
  7 iguanas
  15 orc wizards
  6 scorpion zombies (Ossuary)
  3 mummies (Ossuary)
  5 gnolls (D:8)
  11 adders
  2 river rats
  A shadow imp (D:5)
  4 white imps
  A howler monkey simulacrum (D:10)
  5 worms
  4 dart slugs
  54 orcs
  11 ball pythons
  8 bats
  20 endoplasms
  9 giant cockroaches
  11 goblins
  10 hobgoblins
  5 jackals
  18 kobolds
  7 quokkas
  5 frilled lizards
  4 goblin zombies (Ossuary)
  A hobgoblin zombie (Ossuary)
  A kobold zombie (Ossuary)
  2 orc zombies (Ossuary)
  A quokka zombie (D:4)
  10 rats
  A rat zombie (D:4)
350 creatures vanquished.

Vanquished Creatures (collateral kills)
  A wraith (D:11)
  A human zombie (Ossuary)
  An orc wizard (D:6)
  An orc (D:9)
  An endoplasm (D:4)
5 creatures vanquished.

Vanquished Creatures (others)
  An arcanist (D:6)
1 creature vanquished.

Grand Total: 356 creatures vanquished

Notes
Turn   | Place    | Note
-------+----------+-------------------------------------------
     0 | D:1      | Dirtsage the Demonspawn Berserker began the quest for the
                  | Orb.
     0 | D:1      | Reached XP level 1. HP: 18/18 MP: 1/1
    69 | D:1      | Reached skill level 3 in Axes
   112 | D:1      | Gained mutation: You have a pair of small horns on your
                  | head. [demonic ancestry]
   112 | D:1      | Reached XP level 2. HP: 16/24 MP: 2/2
   483 | D:1      | Gained mutation: You have a pair of horns on your head.
                  | [demonic ancestry]
   483 | D:1      | Reached XP level 3. HP: 29/29 MP: 3/3
   503 | D:1      | Reached ** piety under Trog
   786 | D:1      | Reached skill level 4 in Axes
  1303 | D:2      | Found a faded altar of an unknown god.
  1332 | D:2      | Noticed Terence
  1338 | D:2      | Killed Terence
  1339 | D:2      | Reached XP level 4. HP: 35/35 MP: 4/4
  1772 | D:2      | Noticed Sigmund
  2284 | D:2      | Killed Sigmund
  2285 | D:2      | Reached skill level 6 in Axes
  2285 | D:2      | Reached XP level 5. HP: 41/41 MP: 5/5
  2398 | D:3      | Gained mutation: You sometimes gain a little power by
                  | taking damage. [demonic ancestry]
  2398 | D:3      | Reached XP level 6. HP: 46/47 MP: 6/6
  2556 | D:3      | Found a glowing drain.
  2565 | Sewer    | Entered a sewer
  2621 | Sewer    | Reached *** piety under Trog
  2779 | Sewer    | Found a viscous altar of Jiyva.
  2812 | Sewer    | Reached skill level 7 in Axes
  3154 | D:3      | Reached XP level 7. HP: 52/52 MP: 7/7
  3595 | D:3      | Found a basalt altar of Yredelemnul.
  3596 | D:3      | Found a shadowy altar of Dithmenos.
  3598 | D:3      | Found an opulent altar of Gozag.
  3600 | D:3      | Found a sparkling altar of Nemelex Xobeh.
  3603 | D:3      | Found a shimmering altar of Xom.
  3603 | D:3      | Found an iron altar of Okawaru.
  3603 | D:3      | Found a hide-covered altar of Uskayaw.
  3603 | D:3      | Found a broken altar of Ashenzari.
  3606 | D:3      | Found an ancient bone altar of Kikubaaqudgha.
  3616 | D:3      | Found a stormy altar of Qazlal.
  4012 | D:4      | Reached **** piety under Trog
  4120 | D:4      | Found a sand-covered staircase.
  4134 | Ossuary  | Entered an ossuary
  4305 | Ossuary  | Reached skill level 1 in Shields
  4321 | Ossuary  | Reached skill level 8 in Axes
  4456 | Ossuary  | Gained mutation: A weak demonic guardian rushes to your
                  | aid. [demonic ancestry]
  4456 | Ossuary  | Reached XP level 8. HP: 28/59 MP: 8/8
  4975 | D:4      | Found an iron altar of Okawaru.
  4975 | D:4      | Found a sacrificial altar of Ru.
  4975 | D:4      | Found a radiant altar of Vehumet.
  4975 | D:4      | Found a hide-covered altar of Uskayaw.
  4975 | D:4      | Found a basalt altar of Yredelemnul.
  4975 | D:4      | Found a hide-covered altar of Uskayaw.
  5169 | D:4      | Reached ***** piety under Trog
  5425 | D:5      | Entered Level 5 of the Dungeon
  5512 | D:5      | Reached skill level 9 in Axes
  5918 | D:5      | Reached XP level 9. HP: 66/66 MP: 9/9
  6434 | D:6      | Identified a scroll of acquirement
  6441 | D:6      | Acquired a manual of Axes
  6509 | D:6      | Reached skill level 5 in Fighting
  6958 | D:6      | Found a bloodstained altar of Trog.
  6959 | D:6      | Noticed an arcanist
  6965 | D:6      | Killed an arcanist
  7007 | D:7      | Found a staircase to the Ecumenical Temple.
  7039 | Temple   | Found a transporter.
  7039 | Temple   | Found a transporter.
  7039 | Temple   | Found a transporter.
  7039 | Temple   | Found a transporter.
  7039 | Temple   | Entered the Ecumenical Temple
  7283 | D:7      | Reached skill level 10 in Axes
  8551 | D:9      | Received a gift from Trog
  8626 | D:9      | Reached skill level 11 in Axes
  8626 | D:9      | Gained mutation: A demonic guardian rushes to your aid.
                  | [demonic ancestry]
  8626 | D:9      | Reached XP level 10. HP: 76/76 MP: 10/10
  8741 | D:9      | Reached skill level 5 in Armour
  8758 | D:9      | Noticed a two-headed ogre
  8765 | D:9      | Killed a two-headed ogre
  8766 | D:9      | Reached skill level 5 in Dodging
  8848 | D:9      | Found a staircase to the Orcish Mines.
  8898 | D:9      | Found a radiant altar of Vehumet.
  9054 | D:9      | Noticed a two-headed ogre
  9061 | D:9      | Killed a two-headed ogre
  9062 | D:9      | Reached skill level 12 in Axes
  9595 | D:10     | Entered Level 10 of the Dungeon
  9696 | D:10     | Reached skill level 5 in Shields
  9714 | D:10     | Identified the +2 robe of Impatience {Harm rN+}
  9819 | D:10     | Noticed Joseph
  9829 | D:10     | Killed Joseph
  9830 | D:10     | Reached skill level 1 in Evocations
  9869 | D:10     | Noticed Erica
  9879 | D:10     | Killed Erica
 10010 | D:10     | Found a staircase to the Lair.
 10350 | D:10     | Reached XP level 11. HP: 83/83 MP: 11/11
 10391 | D:10     | Received a gift from Trog
 10735 | Lair:1   | Entered Level 1 of the Lair of Beasts
 10818 | Lair:1   | Reached skill level 13 in Axes
 10932 | Lair:1   | Found the +13 scythe of Curses {drain, curses, Drain}
 11098 | Lair:1   | Noticed a lindwurm
 11099 | Lair:1   | Noticed a lindwurm
 11102 | Lair:1   | Noticed a lindwurm
 11109 | Lair:1   | Killed a lindwurm
 11112 | Lair:1   | HP: 4/127 [lindwurm/blast of flame (23)]
 11113 | Lair:1   | Killed from afar by a lindwurm

Illustrated notes

Levels and vault maps discovered:
D:1:      minmay_arrival_open_corners, layout_basic
D:2:      layout_loops_ring, hellmonk_ecumenical_altar_slurped_away,
          uniq_terence, uniq_sigmund
D:3:      layout_basic, minitemple, gup_sewer_entry_bowl
D:4:      cheibrodos_fertilizer, layout_cave_pools, enter_ossuary_4,
          chequers_serial_rivers_room_a, grunt_decor_mini_mirrors,
          kennysheep_generic_room_3
D:5:      layout_cave_pods
D:6:      layout_rooms, trog_wizard, minmay_misc_feat_nine_boxes
D:7:      layout_basic, minmay_temple_entry_statues
D:8:      layout_loops_ring
D:9:      layout_loops_ring, vehumet_altar_wand_db, david_orc_4
D:10:     layout_basic, lair_entry_dummy, evilmike_minifort, uniq_erica,
          uniq_joseph
D:11:     layout_long_grid
Temple:   hellmonk_temple_divided_pantheon
Lair:1:   layout_regular_city, nicolae_lair_lindhole, grunt_megastairs_4

Skill      XL: |  1  2  3  4  5  6  7  8  9 10 11 |
---------------+----------------------------------+-----
Axes           | 3 4 6 7 8 9 11 12 13 | 13.1
Armour         | 2 3 4 5 6 |  6.6
Dodging        | 2 3 4 5 6 |  6.5
Shields        | 1 2 4 5 6 |  6.1
Fighting       | 4 5 6 7 |  7.7
Evocations     | 1 3 |  3.6

Action                     |  1- 3 |  4- 6 |  7- 9 | 10-12 || total
---------------------------+-------+-------+-------+-------++-------
  Melee: Hand axe          |    80 |   203 |   562 |       ||   845
         Headbutt          |    14 |    30 |   134 |    34 ||   212
         Punch             |     1 |     2 |     7 |     1 ||    11
         Broad axe         |       |       |     6 |   228 ||   234
  Throw: Dart              |       |       |       |     1 ||     1
 Invoke: Berserk           |     2 |     5 |    10 |     5 ||    22
    Use: Scroll            |       |     2 |     7 |     4 ||    13
         Potion            |       |     1 |       |     1 ||     2
   Stab: Sleeping          |     1 |       |       |       ||     1
         Distracted        |       |       |     2 |       ||     2
 Armour: Animal skin       |    38 |       |       |       ||    38
         Scale mail        |     5 |   121 |   400 |   213 ||   739
  Dodge: Dodged            |    53 |   103 |   264 |   149 ||   569
  Block: Kite shield       |       |       |       |    47 ||    47

Table legend: (Time is in decaauts)
 A = Elapsed time spent in this place.
 B = Non-inter-level travel time spent in this place.
 C = Inter-level travel time spent in this place.
 D = Time resting spent in this place.
 E = Time spent auto-exploring this place.
 F = Levels seen in this place.
 G = Mean time per level.
                   A        B        C        D        E       F      G
               +--------+--------+--------+--------+--------+-----+--------+
         Total |  11270 |  10447 |    823 |    576 |   7804 |  15 |  751.3 |
       Dungeon |   9590 |   8774 |    816 |    439 |   6778 |  11 |  871.8 |
        Temple |      1 |      1 |      0 |      0 |      0 |   1 |    1.0 |
          Lair |    379 |    373 |      6 |      0 |    298 |   1 |  379.0 |
         Sewer |    543 |    543 |      0 |     87 |    289 |   1 |  543.0 |
       Ossuary |    755 |    755 |      0 |     49 |    439 |   1 |  755.0 |
               +--------+--------+--------+--------+--------+-----+--------+

Top non-repeatable levels by time:
     D:2: 1317 daAuts
     D:9: 1087 daAuts
     D:1: 1077 daAuts
    D:10: 1039 daAuts
     D:3: 1030 daAuts
     D:7: 952 daAuts
     D:5: 937 daAuts
     D:4: 801 daAuts
 Ossuary: 755 daAuts
     D:6: 640 daAuts
     D:8: 592 daAuts
   Sewer: 543 daAuts
  Lair:1: 379 daAuts
    D:11: 115 daAuts
  Temple: 1 daAuts
